[Event "Titled Tuesday Blitz February 21 Early 2023"]
[White "Jaskolka, Tomasz"]
[Black "Jimenez Jimenez, Leandro"]
[WhiteFideId "1170791"]
[BlackFideId "6415253"]
[WhiteElo "2238"]
[BlackElo "2146"]
[Result "1/2-1/2"]
[Round "02"]
[TimeControl "180+2"]
[Date "2023.02.21"]
[WhiteClock "0:00:06"]
[BlackClock "0:00:02"]

1. e4 e5 2. Nf3 Nc6 3. Bc4 Bc5 4. b4 Bxb4 5. c3 Ba5 6. d4 d6 7. Qb3 Qd7 8. O-O Bb6 9. dxe5 Na5 10. Qb4 Nxc4 11. Qxc4 Ne7 12. exd6 cxd6 13. Bf4 O-O 14. Rd1 Ng6 15. Bxd6 Re8 16. Na3 Qg4 17. e5 Qh5 18. Nb5 Bg4 19. Qe4 Bxf3 20. Qxf3 Qxf3 21. gxf3 Nxe5 22. Kg2 Re6 23. Rd5 Rg6+ 24. Kf1 Nxf3 25. Bg3 a6 26. Nd4 Nd2+ 27. Kg2 Ne4 28. Nf5 Re6 29. c4 h6 30. Re1 Nxg3 31. Rxe6 fxe6 32. Ne7+ Kf7 33. Rd6 Bc5 34. Rd7 Bxe7 35. hxg3 Rb8 36. Kf3 b5 37. c5 Ke8 38. c6 Rc8 39. Ke4 Rxc6 40. Ra7 Rc5 41. Rxa6 b4 42. Rxe6 Kf7 43. Rb6 Rc2 44. f4 Rxa2 45. g4 g6 46. f5 gxf5+ 47. Kxf5 Rf2+ 48. Ke4 Rg2 49. Rxh6 Rxg4+ 50. Kf5 Rg5+ 51. Kf4 Rg7 52. Rb6 Rg1 53. Kf5 Rf1+ 54. Ke5 Rb1 55. Kd4 Bf6+ 56. Kc4 Bc3 57. Kd3 Ke7 58. Kc4 Kd7 59. Rb7+ Kc6 60. Rb8 Re1 61. Kb3 Kc5 62. Rc8+ Kd4 63. Rd8+ Ke3 64. Kc2 Re2+ 65. Kb3 Rb2+ 66. Kc4 Rd2 67. Re8+ Kf2 68. Kb3 Re2 69. Rf8+ Ke1 70. Rf3 Rb2+ 71. Kc4 Kd1 72. Kd3 Rd2+ 73. Kc4 Kc2 74. Rh3 Rd4+ 75. Kb5 b3 76. Ka6 b2 77. Rh2+ Rd2 78. Rh7 b1=Q 79. Rd7 Qa2+ 80. Kb7 Rxd7+ 81. Kc8 1/2-1/2


[Site "https://www.chess.com"]

[Event "Titled Tuesday Blitz February 21 Early 2023"]
[White "Alhadad, Mahmoud"]
[Black "Alinasab, Mobina"]
[WhiteFideId "11501863"]
[BlackFideId "12528897"]
[WhiteElo "1840"]
[BlackElo "2347"]
[Result "0-1"]
[Round "02"]
[TimeControl "180+2"]
[Date "2023.02.21"]
[WhiteClock "0:00:01"]
[BlackClock "0:00:17"]

1. e4 c5 2. Nc3 e6 3. f4 Nc6 4. Nf3 d6 5. Bb5 Bd7 6. O-O g6 7. Bxc6 Bxc6 8. d4 cxd4 9. Qxd4 Nf6 10. f5 Bg7 11. fxe6 fxe6 12. Bg5 O-O 13. Rad1 e5 14. Qc4+ Kh8 15. Nd5 Bxd5 16. exd5 Qb6+ 17. Kh1 Rac8 18. Qh4 Qb5 19. Nd4 exd4 20. Rxf6 Bxf6 21. Bxf6+ Kg8 22. Bxd4 Rf1+ 23. Rxf1 Qxf1+ 24. Bg1 Re8 25. Qg3 Re1 26. Qf2 Qxf2 0-1


[Site "https://www.chess.com"]

[Event "Titled Tuesday Blitz February 21 Early 2023"]
[White "Reprintsev, Alexander"]
[Black "Da Silva Borges, Rodrigo"]
[WhiteFideId "14100541"]
[BlackFideId "2115778"]
[WhiteElo "2253"]
[BlackElo "2199"]
[Result "1-0"]
[Round "02"]
[TimeControl "180+2"]
[Date "2023.02.21"]
[WhiteClock "0:01:19"]
[BlackClock "0:00:22"]

1. e4 c5 2. b3 Nf6 3. e5 Nd5 4. Nc3 Nxc3 5. dxc3 d6 6. exd6 Qxd6 7. Qxd6 exd6 8. Bc4 Bf5 9. Nf3 Be7 10. O-O O-O 11. Bf4 Nc6 12. Rad1 Rad8 13. Rd2 a6 14. a4 Rfe8 15. Rfd1 h6 16. Bd5 Bf6 17. Bxc6 bxc6 18. Rxd6 Rxd6 19. Rxd6 Bxc2 20. Rxc6 Bxb3 21. Rxc5 Bxa4 22. h3 Re4 23. Be5 Be7 24. Rc8+ Kh7 25. Bd4 Bd1 26. Rc7 Bxf3 27. gxf3 Re1+ 28. Kg2 Kg6 29. Ra7 Re6 30. f4 Bf6 31. Kf3 Rd6 32. Ke4 Re6+ 33. Kd5 Be7 34. f5+ Kxf5 35. Bxg7 Rd6+ 36. Kc4 Rc6+ 37. Kb3 Bc5 38. Rxf7+ Kg6 39. Rd7 Bxf2 40. c4 a5 41. Bc3 a4+ 42. Kb4 a3 43. Rd2 Be1 44. Rg2+ Kf5 45. Bxe1 Ke4 46. c5 Kf3 47. Ra2 1-0


[Site "https://www.chess.com"]

[Event "Titled Tuesday Blitz February 21 Early 2023"]
[White "parintele_chess"]
[Black "Zochowski, Kacper"]
[BlackFideId "1125494"]
[WhiteElo "2249"]
[BlackElo "2262"]
[Result "0-1"]
[Round "02"]
[TimeControl "180+2"]
[Date "2023.02.21"]
[WhiteClock "0:00:53"]
[BlackClock "0:00:39"]

1. d4 d6 2. e4 Nf6 3. Nc3 e5 4. dxe5 dxe5 5. Qxd8+ Kxd8 6. Bg5 Be6 7. O-O-O+ Kc8 8. Bxf6 gxf6 9. g3 c6 10. Bh3 Nd7 11. Bxe6 fxe6 12. f4 exf4 13. gxf4 Bh6 14. Nge2 Kc7 15. Kb1 Rhg8 16. Rhg1 Nc5 17. b4 Nd7 18. Rxg8 Rxg8 19. Nd4 Re8 20. f5 Nf8 21. fxe6 Nxe6 22. Nf5 Bf4 23. Rg1 Be5 24. Ne2 Ng5 25. h4 Nxe4 26. Rg7+ Kb6 27. a4 Nc3+ 28. Nxc3 Bxc3 29. b5 cxb5 30. axb5 Ka5 31. Nd6 Re1+ 32. Ka2 f5 33. Rg3 Kb4 34. Rxc3 Kxc3 35. Nxf5 Kxc2 36. Nd6 Re5 37. Ka3 Rd5 38. Nxb7 Rxb5 39. Nd6 Rh5 0-1


[Site "https://www.chess.com"]

[Event "Titled Tuesday Blitz February 21 Early 2023"]
[White "Taboas Rodriguez, Daniel"]
[Black "Uzcategui Rodriguez, Alejandro"]
[WhiteFideId "2208466"]
[BlackFideId "3903400"]
[WhiteElo "2371"]
[BlackElo "2255"]
[Result "1-0"]
[Round "02"]
[TimeControl "180+2"]
[Date "2023.02.21"]
[WhiteClock "0:01:04"]
[BlackClock "0:00:57"]

1. d4 Nf6 2. Nf3 e6 3. c4 d5 4. Nc3 dxc4 5. Bg5 c5 6. e3 Nc6 7. Bxc4 Be7 8. O-O O-O 9. dxc5 Bxc5 10. Qe2 a6 11. Rfd1 Qc7 12. a4 Be7 13. e4 Ne5 14. Nxe5 Qxe5 15. f4 Qc5+ 16. Kh1 b6 17. e5 Ne8 18. Ne4 Qc7 19. Rac1 Qa7 20. Bxe7 Qxe7 21. Nd6 Bd7 22. b3 Rb8 23. Bxa6 f6 24. Bc4 fxe5 25. Qxe5 Nxd6 26. Qxd6 Qxd6 27. Rxd6 Bc8 28. f5 Rxf5 29. Rd8+ Rf8 30. Rxc8 1-0


[Site "https://www.chess.com"]

[Event "Titled Tuesday Blitz February 21 Early 2023"]
[White "Kornyukov, Alexey"]
[Black "Arenas, David"]
[WhiteFideId "4150457"]
[BlackFideId "4403177"]
[WhiteElo "2452"]
[BlackElo "2426"]
[Result "0-1"]
[Round "02"]
[TimeControl "180+2"]
[Date "2023.02.21"]
[WhiteClock "0:00:16"]
[BlackClock "0:00:15"]

1. e4 e5 2. Nf3 Nc6 3. Bc4 Nf6 4. O-O Nxe4 5. Qe2 d5 6. d3 dxc4 7. Qxe4 cxd3 8. Nxe5 Nxe5 9. Qxe5+ Be6 10. Qb5+ Bd7 11. Qxd3 Be7 12. Qg3 O-O 13. Bf4 c6 14. Nc3 Bf5 15. Rad1 Qb6 16. Be5 f6 17. Bd4 Qa5 18. Rfe1 Bb4 19. a3 Bxc3 20. Bxc3 Qa4 21. Re7 Bg6 22. Rdd7 Rf7 23. Rxf7 Bxf7 24. Qc7 Qxc2 25. h3 Qg6 26. Qxb7 Re8 27. f4 Bd5 28. Rxd5 cxd5 29. Qxd5+ Kh8 30. Qf3 Qe4 31. Qxe4 Rxe4 32. g3 Kg8 33. Kf2 f5 34. Kf3 g6 35. h4 Kf7 36. Be5 h5 37. b4 a6 38. Bd6 Ke6 39. Bc5 Kd5 40. a4 Kc6 41. Bf8 Rc4 42. Bc5 Rc3+ 43. Kf2 Ra3 44. a5 Kb5 45. Ke2 Rxg3 46. Kf2 Rb3 47. Ke2 Rxb4 48. Bxb4 Kxb4 49. Kd3 Kxa5 50. Kc4 Kb6 51. Kb4 a5+ 52. Ka4 Ka6 53. Ka3 Kb5 54. Kb3 Kc5 55. Ka4 Kd4 56. Kxa5 Ke4 57. Kb6 Kxf4 0-1


[Site "https://www.chess.com"]

[Event "Titled Tuesday Blitz February 21 Early 2023"]
[White "Deev, Andrei"]
[Black "Kuzmin, Roman"]
[WhiteFideId "4102690"]
[BlackFideId "44134932"]
[WhiteElo "2390"]
[BlackElo "2198"]
[Result "1-0"]
[Round "02"]
[TimeControl "180+2"]
[Date "2023.02.21"]
[WhiteClock "0:00:15"]
[BlackClock "0:00:02"]

1. e4 c5 2. Nf3 d6 3. c3 Nf6 4. Be2 Nc6 5. d4 cxd4 6. cxd4 Nxe4 7. d5 Qa5+ 8. Nc3 Nxc3 9. bxc3 Nd8 10. O-O g6 11. Qd4 f6 12. a4 Bg7 13. Bb5+ Kf7 14. Re1 a6 15. Qe3 Qc7 16. Bd3 Re8 17. h4 e6 18. h5 Re7 19. hxg6+ hxg6 20. Nh4 g5 21. Ng6 Re8 22. Ba3 Bd7 23. Qg3 e5 24. Nh4 gxh4 25. Bg6+ Kg8 26. Qxh4 Nf7 27. Qh5 Re7 28. c4 b6 29. Re3 Nh6 30. Rg3 Kf8 31. Bd3 Be8 32. Qh4 Bf7 33. Bc1 Ng8 34. Qh7 Be8 35. Bf5 b5 36. Be6 1-0


[Site "https://www.chess.com"]

[Event "Titled Tuesday Blitz February 21 Early 2023"]
[White "Manukyan, Artyom"]
[Black "Levitan, Caleb Levi"]
[WhiteFideId "13305786"]
[BlackFideId "14332620"]
[WhiteElo "2110"]
[BlackElo "2129"]
[Result "1-0"]
[Round "02"]
[TimeControl "180+2"]
[Date "2023.02.21"]
[WhiteClock "0:00:43"]
[BlackClock "0:00:01"]

1. e4 c5 2. Nc3 e6 3. Nge2 d5 4. exd5 exd5 5. d4 cxd4 6. Nxd4 Nc6 7. g3 Nf6 8. Bg2 Be7 9. O-O O-O 10. h3 h6 11. Be3 Bb4 12. Nce2 Re8 13. c3 Bd6 14. Nf4 Bxf4 15. Bxf4 Bd7 16. Nb5 g5 17. Be3 Be6 18. Re1 a6 19. Nd4 Qd7 20. Nxc6 bxc6 21. Bd4 Ne4 22. Qh5 Kh7 23. g4 c5 24. Rxe4 dxe4 25. Bf6 Qd5 26. Re1 Bd7 27. h4 Rg8 28. hxg5 1-0


[Site "https://www.chess.com"]

[Event "Titled Tuesday Blitz February 21 Early 2023"]
[White "Gharamian, Tigran"]
[Black "Garv Gaur"]
[WhiteFideId "13301527"]
[BlackFideId "45030839"]
[WhiteElo "2601"]
[BlackElo "2006"]
[Result "0-1"]
[Round "02"]
[TimeControl "180+2"]
[Date "2023.02.21"]
[WhiteClock "0:00:08"]
[BlackClock "0:01:13"]

1. d4 Nf6 2. c4 e6 3. Nf3 b6 4. g3 Ba6 5. Qc2 c5 6. d5 Bb7 7. Bg2 exd5 8. cxd5 Bxd5 9. Nc3 Bb7 10. e4 d6 11. O-O Nc6 12. Rd1 Nd7 13. Bf4 Nce5 14. Nxe5 dxe5 15. Bxe5 Qe7 16. Bd6 Qe6 17. Nb5 Rc8 18. Nc7+ Rxc7 19. Bxc7 Be7 20. Qb3 Qc6 21. Qd5 Qxc7 22. Qf5 Bc8 23. Bh3 g6 24. Qd5 O-O 25. Bxd7 Rd8 26. Qc4 Bxd7 27. Qc2 Re8 28. Rd2 Bc6 29. Rad1 Bf6 30. Rd6 Bxe4 31. Qd2 Bd4 32. Rxd4 cxd4 33. Qxd4 Bf3 34. Rf1 Qc8 35. Qh4 Qf5 36. h3 Bd5 37. Kh2 Qf3 0-1


[Site "https://www.chess.com"]

[Event "Titled Tuesday Blitz February 21 Early 2023"]
[White "Perera Alfonso, Rene Humberto"]
[Black "Guimaraes, Wagner Peixoto"]
[WhiteFideId "3514722"]
[BlackFideId "2100940"]
[WhiteElo "2320"]
[BlackElo "2194"]
[Result "1-0"]
[Round "02"]
[TimeControl "180+2"]
[Date "2023.02.21"]
[WhiteClock "0:02:04"]
[BlackClock "0:00:17"]

1. e4 c5 2. Nf3 d6 3. d4 cxd4 4. Nxd4 Nf6 5. Nc3 a6 6. Be3 Ng4 7. Bc1 Nc6 8. h3 Nxd4 9. Qxd4 Ne5 10. f4 Nc6 11. Qf2 e6 12. Be3 Bd7 13. O-O-O Rc8 14. Kb1 b5 15. g4 b4 16. Na4 Rb8 17. Nb6 a5 18. g5 Be7 19. h4 O-O 20. h5 e5 21. g6 fxg6 22. Bc4+ Kh8 23. hxg6 h6 24. f5 Nd4 25. Bxh6 gxh6 26. Rxh6+ Kg7 27. Rh7+ 1-0


[Site "https://www.chess.com"]

[Event "Titled Tuesday Blitz February 21 Early 2023"]
[White "Bethke, Richard"]
[Black "Buscar, Michael"]
[WhiteFideId "12959243"]
[BlackFideId "2603616"]
[WhiteElo "2382"]
[BlackElo "2041"]
[Result "1-0"]
[Round "02"]
[TimeControl "180+2"]
[Date "2023.02.21"]
[WhiteClock "0:01:07"]
[BlackClock "0:00:16"]

1. e4 e5 2. Nf3 Nf6 3. Bc4 Nc6 4. d3 Bc5 5. O-O O-O 6. a4 h6 7. Re1 d6 8. h3 Be6 9. Nbd2 Ne7 10. Bxe6 fxe6 11. Nb3 b6 12. Nxc5 bxc5 13. c3 Ng6 14. d4 exd4 15. cxd4 cxd4 16. Nxd4 Qe8 17. Qb3 Kf7 18. Qc4 c5 19. Nf5 Qc6 20. Nd4 Qd7 21. Nf3 Rac8 22. e5 d5 23. Qd3 Ne8 24. h4 Ne7 25. Qh7 Rh8 26. Qxh8 Nf6 27. Qxc8 Nxc8 28. exf6 gxf6 29. Bxh6 Nd6 30. Bf4 Ne4 31. h5 Qb7 32. g4 Qxb2 33. Be3 d4 34. Rab1 Qa2 35. Rb7+ Ke8 36. Bxd4 cxd4 37. Rxe4 Qd5 38. Rb8+ Kd7 39. Rxd4 1-0


[Site "https://www.chess.com"]

[Event "Titled Tuesday Blitz February 21 Early 2023"]
[White "Dong, Khanh Linh"]
[Black "Bettalli, Francesco"]
[WhiteFideId "12403040"]
[BlackFideId "2816453"]
[WhiteElo "1900"]
[BlackElo "2252"]
[Result "1-0"]
[Round "02"]
[TimeControl "180+2"]
[Date "2023.02.21"]
[WhiteClock "0:01:08"]
[BlackClock "0:01:55"]

1. e4 g6 2. d4 Bg7 3. Nc3 c5 4. Nf3 Nf6 5. Be3 Ng4 6. Bg5 cxd4 7. Nxd4 Qa5 8. Qxg4 Bxd4 9. Bd2 h5 10. Qf3 Qd8 11. Bc4 O-O 12. O-O-O e6 13. Bh6 Bg7 14. Bxg7 Kxg7 15. g4 hxg4 16. Qxg4 d5 17. exd5 exd5 18. Qd4+ Kg8 19. Nxd5 Nc6 20. Nf6+ Kh8 21. Qh4+ Kg7 22. Rxd8 Nxd8 23. Qg5 1-0


[Site "https://www.chess.com"]

[Event "Titled Tuesday Blitz February 21 Early 2023"]
[White "Jiganchine, Roman"]
[Black "Ferreira, Vitor Hugo Vieira"]
[WhiteFideId "2603667"]
[BlackFideId "2119765"]
[WhiteElo "2205"]
[BlackElo "2128"]
[Result "0-1"]
[Round "02"]
[TimeControl "180+2"]
[Date "2023.02.21"]
[WhiteClock "0:00:07"]
[BlackClock "0:00:33"]

1. e4 c5 2. Nf3 d6 3. Bb5+ Nc6 4. O-O Nf6 5. Re1 Bd7 6. c3 g6 7. d4 cxd4 8. cxd4 Bg7 9. e5 dxe5 10. dxe5 Nxe5 11. Nxe5 Bxb5 12. Qb3 Qd5 13. Nc3 Qxb3 14. axb3 Bd7 15. Nxd7 Kxd7 16. Rd1+ Kc6 17. Be3 b6 18. Rac1 Kb7 19. Nd5 Nxd5 20. Rxd5 Rhd8 21. Rcd1 Rxd5 22. Rxd5 Rc8 23. g4 e6 24. Rd7+ Rc7 25. Rd2 Kc8 26. Kg2 Rc1 27. Rd8+ Kxd8 28. Bxc1 f5 29. h3 Kd7 30. b4 Kc6 31. Kf3 Kb5 0-1


[Site "https://www.chess.com"]

[Event "Titled Tuesday Blitz February 21 Early 2023"]
[White "Orujov, Elshad"]
[Black "Baches Garcia, Guillermo"]
[WhiteFideId "13403540"]
[BlackFideId "2209764"]
[WhiteElo "2304"]
[BlackElo "2327"]
[Result "0-1"]
[Round "02"]
[TimeControl "180+2"]
[Date "2023.02.21"]
[WhiteClock "0:00:04"]
[BlackClock "0:00:17"]

1. e4 c5 2. Nf3 d6 3. d4 cxd4 4. Nxd4 Nf6 5. Nc3 Nc6 6. Bg5 e6 7. Qd2 h6 8. Bxf6 gxf6 9. O-O-O a6 10. f4 Bd7 11. Be2 h5 12. Rhf1 Qb6 13. Rf3 Nxd4 14. Qxd4 Qxd4 15. Rxd4 h4 16. Rh3 Bh6 17. Rxh4 e5 18. Rxd6 Bxf4+ 19. Rxf4 exf4 20. Nd5 Rxh2 21. Bf3 O-O-O 22. Nxf6 Be6 23. Rxd8+ Kxd8 24. b3 Ke7 25. Nd5+ Bxd5 26. exd5 Kd6 27. Kd2 b5 28. Kd3 f5 29. Kd4 Rh1 30. c4 bxc4 31. bxc4 Rc1 32. a4 a5 33. Bh5 Rc2 34. Bg6 Rd2+ 35. Kc3 Rxg2 36. Bxf5 Kc5 37. d6 Kxd6 38. Kd4 f3 39. c5+ Kc7 40. Be4 Rd2+ 41. Ke3 f2 42. Bg2 Ra2 43. Bf1 Kc6 44. Be2 Kxc5 45. Kxf2 Rxa4 46. Ke1 Rd4 47. Bd1 a4 48. Ke2 a3 49. Bb3 Kb4 50. Ba2 Kc3 51. Bf7 Kb2 0-1


[Site "https://www.chess.com"]

[Event "Titled Tuesday Blitz February 21 Early 2023"]
[White "Sai Han Thiha"]
[Black "MunichMouse"]
[WhiteFideId "13012290"]
[WhiteElo "2070"]
[BlackElo "2296"]
[Result "1-0"]
[Round "02"]
[TimeControl "180+2"]
[Date "2023.02.21"]
[WhiteClock "0:00:04"]
[BlackClock "0:00:04"]

1. d4 Nf6 2. c4 g6 3. Nc3 Bg7 4. e4 d6 5. Nf3 O-O 6. Be2 e5 7. Be3 Nc6 8. d5 Ne7 9. Nd2 Ne8 10. f3 f5 11. Qc2 f4 12. Bf2 g5 13. h4 g4 14. fxg4 Nf6 15. Qd1 h5 16. gxh5 Kf7 17. Nf3 Rh8 18. Ng5+ Kg8 19. c5 a6 20. Rc1 Qe8 21. cxd6 cxd6 22. Na4 Bg4 23. Bxg4 Nxg4 24. Qxg4 Rh6 25. Nb6 Rd8 26. Rc7 Kh8 27. Ne6 Bf6 28. Nxd8 Qxd8 29. Qd7 Qg8 30. Qxd6 Qxg2 31. Qd8+ Ng8 32. Qxg8+ Qxg8 33. Rc8 Bd8 34. Nd7 Qe8 35. Nxe5 Qxe5 36. Rxd8+ Kh7 37. Rd7+ Kh8 38. Rd8+ Kh7 39. Kf1 Qxe4 40. Rd7+ Kh8 41. Rg1 f3 42. Rd8+ Kh7 43. Rd7+ Kh8 44. Rg3 Qb1+ 45. Be1 Qd3+ 46. Kg1 Qe2 47. Bf2 Qd1+ 48. Kh2 Rf6 49. Rd8+ Kh7 50. Rd7+ Kh8 51. Rd8+ Kh7 52. Be3 Qe2+ 53. Kh3 Qxe3 54. Rd7+ Kh8 55. Rd8+ Kh7 56. Rd7+ Kh6 57. Rd8 Qe2 58. Rh8# 1-0


[Site "https://www.chess.com"]

[Event "Titled Tuesday Blitz February 21 Early 2023"]
[White "Tworuszka, Michal"]
[Black "Zaichenko, Daria"]
[WhiteFideId "1117858"]
[BlackFideId "4197453"]
[WhiteElo "2260"]
[BlackElo "2104"]
[Result "0-1"]
[Round "02"]
[TimeControl "180+2"]
[Date "2023.02.21"]
[WhiteClock "0:00:02"]
[BlackClock "0:00:23"]

1. d4 d5 2. c4 e6 3. Nf3 Be7 4. Nc3 Nf6 5. Bg5 O-O 6. e3 Nbd7 7. Qc2 c5 8. cxd5 Nxd5 9. Bxe7 Qxe7 10. Nxd5 exd5 11. Bd3 g6 12. dxc5 Nxc5 13. O-O Nxd3 14. Qxd3 Be6 15. Rac1 Rad8 16. Nd4 a6 17. Rfd1 Rc8 18. Qd2 b6 19. a3 Rfd8 20. Nc6 Rxc6 21. Rxc6 Qb7 22. Rdc1 a5 23. Rc7 Qa6 24. Qd4 Rd6 25. h3 b5 26. Qa7 b4 27. Qb8+ Kg7 28. axb4 axb4 29. Qxb4 Rb6 30. Qd4+ Kh6 31. g4 Rb3 32. h4 Qe2 33. Qf4+ Kg7 34. g5 Qxb2 35. R1c2 Qa1+ 36. Kg2 Rb1 37. Kf3 Bf5 38. R2c6 Be4+ 39. Kg3 Rg1+ 40. Kh2 Rh1+ 41. Kg3 Qg1# 0-1


[Site "https://www.chess.com"]

[Event "Titled Tuesday Blitz February 21 Early 2023"]
[White "Hrabinska, Myroslava"]
[Black "Dauner, Benedikt"]
[WhiteFideId "14109190"]
[BlackFideId "16225899"]
[WhiteElo "2210"]
[BlackElo "2400"]
[Result "1-0"]
[Round "02"]
[TimeControl "180+2"]
[Date "2023.02.21"]
[WhiteClock "0:00:35"]
[BlackClock "0:00:01"]

1. e4 d6 2. d4 e5 3. Nf3 Nd7 4. Bc4 c6 5. Nc3 h6 6. a4 Ngf6 7. h3 Be7 8. Be3 Qc7 9. O-O Nf8 10. Qe2 g5 11. dxe5 dxe5 12. Nh2 Ng6 13. Ng4 Bxg4 14. hxg4 Nf4 15. Qf3 Qd7 16. g3 Ng6 17. Qf5 Qxf5 18. gxf5 Nf8 19. Kg2 Ng4 20. Bc1 Bc5 21. a5 a6 22. Na4 Ba7 23. Nb6 Rd8 24. f3 Nf6 25. Be3 N6d7 26. Rfd1 Nxb6 27. axb6 Rxd1 28. Rxd1 Bb8 29. Rh1 f6 30. Rd1 Nd7 31. Be6 Rh7 32. b4 Re7 33. Bc5 Nxc5 34. bxc5 Rh7 35. Bc8 h5 36. Rh1 Kd8 37. Be6 Ke8 38. c3 Kd8 39. Kf2 Ke8 40. Ke2 Kd8 41. Kd3 h4 42. gxh4 Rxh4 43. Rxh4 gxh4 44. Ke2 Ke7 45. Kf2 a5 46. Kg2 a4 47. Kh3 1-0


[Site "https://www.chess.com"]

[Event "Titled Tuesday Blitz February 21 Early 2023"]
[White "Jenkins, Drake"]
[Black "Khamdamova, Afruza"]
[WhiteFideId "2022397"]
[BlackFideId "14210444"]
[WhiteElo "2130"]
[BlackElo "2162"]
[Result "0-1"]
[Round "02"]
[TimeControl "180+2"]
[Date "2023.02.21"]
[WhiteClock "0:00:03"]
[BlackClock "0:01:03"]

1. Nf3 Nf6 2. c4 e6 3. g3 d5 4. Bg2 dxc4 5. Qa4+ Nbd7 6. Qxc4 c5 7. O-O a6 8. a4 b5 9. Qc2 Bb7 10. d4 Be7 11. dxc5 Bxc5 12. axb5 axb5 13. Rxa8 Qxa8 14. Nc3 Bc6 15. Bf4 O-O 16. Rc1 b4 17. Nd1 Be4 18. Qb3 Bd5 19. Qd3 Rc8 20. Ne1 Bxg2 21. Nxg2 Nd5 22. Bd2 N7f6 23. Nge3 Bb6 24. Rxc8+ Qxc8 25. Nxd5 Nxd5 26. e4 Nf6 27. Bxb4 h6 28. Bc3 Nd7 29. Kg2 Qc6 30. Ne3 Nc5 31. Qc4 Qxe4+ 32. Qxe4 Nxe4 33. Nc4 Bxf2 34. Ba5 Ba7 35. g4 Nf6 36. h3 Nd5 37. Kf3 Kf8 0-1


[Site "https://www.chess.com"]

[Event "Titled Tuesday Blitz February 21 Early 2023"]
[White "Malka, Samuel"]
[Black "Bogaudinov, Rushan"]
[WhiteFideId "20643675"]
[BlackFideId "4129288"]
[WhiteElo "2165"]
[BlackElo "1939"]
[Result "0-1"]
[Round "02"]
[TimeControl "180+2"]
[Date "2023.02.21"]
[WhiteClock "0:00:09"]
[BlackClock "0:00:22"]

1. d4 Nf6 2. c4 e6 3. Nf3 Bb4+ 4. Nbd2 d5 5. Qc2 O-O 6. g3 c6 7. Bg2 Re8 8. O-O Nbd7 9. e4 Nxe4 10. Nxe4 dxe4 11. Qxe4 Nf6 12. Qc2 Bf8 13. Rd1 a5 14. Ne5 a4 15. c5 Nd5 16. Nc4 f6 17. Be3 e5 18. dxe5 fxe5 19. Bxd5+ cxd5 20. Nb6 Be6 21. Nxa8 Qxa8 22. b4 d4 23. Bd2 Bd5 24. Rac1 Rc8 25. Re1 b6 26. Rxe5 Bh1 27. f3 Qxf3 28. Bf4 bxc5 29. bxc5 d3 30. Qf2 Qc6 31. h4 h5 32. Kh2 Be4 33. Re1 Bg6 34. Rg5 Bf7 35. Be3 Be7 36. Rf5 Bf6 37. Bd4 Bxd4 38. Qxd4 Bg6 39. Rf4 Qxc5 40. Qxc5 Rxc5 41. Rf2 Rd5 42. Rd2 Rc5 43. Red1 Rc2 44. Rxc2 dxc2 45. Rc1 Kf7 46. Kg2 Ke6 47. Kf3 Kd5 48. Ke3 Kc4 49. Kd2 Kb4 50. Rxc2 Bxc2 51. Kxc2 Kc4 52. Kb2 Kb4 53. a3+ Kc4 54. Kc2 Kd4 55. Kd2 Kc4 56. Kc2 g6 57. Kb2 Kd3 58. Ka2 Kc3 59. Ka1 Kb3 60. Kb1 Kxa3 61. Ka1 Kb3 62. Kb1 Kc3 63. Ka2 Kd3 64. Ka3 Ke3 65. Kxa4 Kf3 66. Kb3 Kxg3 67. Kc2 Kxh4 68. Kd1 Kg3 69. Ke1 Kg2 0-1


[Site "https://www.chess.com"]

[Event "Titled Tuesday Blitz February 21 Early 2023"]
[White "Pein, Jonathan"]
[Black "Ardila, Oscar Humberto"]
[WhiteFideId "417092"]
[BlackFideId "4404742"]
[WhiteElo "2265"]
[BlackElo "1982"]
[Result "0-1"]
[Round "02"]
[TimeControl "180+2"]
[Date "2023.02.21"]
[WhiteClock "0:00:09"]
[BlackClock "0:00:12"]

1. e4 e5 2. Nf3 Nf6 3. Bc4 Nxe4 4. Nc3 Nf6 5. Nxe5 d5 6. Bb3 Be7 7. O-O O-O 8. d4 c6 9. Bf4 Bf5 10. Re1 Nbd7 11. Ne2 Nxe5 12. Bxe5 Ng4 13. Ng3 Bd7 14. c4 Nxe5 15. dxe5 Be6 16. cxd5 cxd5 17. Qd3 Qd7 18. f4 g6 19. Rad1 Rad8 20. f5 gxf5 21. Nh5 Kh8 22. Nf4 d4 23. Bc2 Rg8 24. Kh1 Rg4 25. Qf3 Qc6 26. Qxc6 bxc6 27. g3 Bg5 28. Nd3 Be3 29. Nb4 c5 30. Rxe3 cxb4 31. Ree1 f4 32. Be4 fxg3 33. Bf3 Rh4 34. Rd2 Rg8 35. Re4 Rxh2+ 36. Rxh2 gxh2 37. Rxd4 Bxa2 38. Rxb4 Rg1+ 39. Kxh2 Rf1 40. Bg2 Rf2 41. Kg3 Re2 42. Be4 Be6 43. Kf4 Kg7 44. Rb7 a5 45. Kf3 Re1 46. Ra7 Rf1+ 47. Ke2 Ra1 48. b4 a4 49. b5 Ra2+ 50. Ke3 Rb2 51. Ra5 a3 52. Rxa3 Rxb5 53. Kf4 Rb4 54. Rg3+ Kh6 55. Rh3+ Bxh3 0-1


[Site "https://www.chess.com"]

[Event "Titled Tuesday Blitz February 21 Early 2023"]
[White "Lopez Del Alamo, Antonio"]
[Black "Yeritsyan, Hayk"]
[WhiteFideId "2227339"]
[BlackFideId "13307320"]
[WhiteElo "2280"]
[BlackElo "2241"]
[Result "1/2-1/2"]
[Round "02"]
[TimeControl "180+2"]
[Date "2023.02.21"]
[WhiteClock "0:01:18"]
[BlackClock "0:00:15"]

1. e4 c6 2. d4 d5 3. exd5 cxd5 4. c3 Nf6 5. Bd3 Bg4 6. Qc2 e6 7. Bf4 Bd6 8. Bxd6 Qxd6 9. Nd2 Nc6 10. Ngf3 O-O 11. O-O Bh5 12. Rae1 Qc7 13. Ne5 Bg6 14. Bxg6 hxg6 15. Qd3 Nxe5 16. dxe5 Nd7 17. f4 Qb6+ 18. Kh1 Qxb2 19. Rb1 Qa3 20. Qh3 Rfc8 21. Rxb7 Rxc3 22. Nf3 Nc5 23. Rbb1 Ne4 24. Qh4 Rac8 25. Rbe1 Rc1 26. Rxc1 Rxc1 27. Qd8+ Kh7 28. Qh4+ Kg8 29. Qd8+ Kh7 30. Qh4+ Kg8 1/2-1/2


[Site "https://www.chess.com"]

[Event "Titled Tuesday Blitz February 21 Early 2023"]
[White "Shuvalov, Evgenij"]
[Black "Afanasieva, Alexandra"]
[WhiteFideId "4187237"]
[BlackFideId "34126926"]
[WhiteElo "2038"]
[BlackElo "1857"]
[Result "0-1"]
[Round "02"]
[TimeControl "180+2"]
[Date "2023.02.21"]
[WhiteClock "0:00:05"]
[BlackClock "0:00:08"]

1. d4 Nf6 2. c4 e6 3. Nc3 Bb4 4. f3 d5 5. a3 Bxc3+ 6. bxc3 O-O 7. cxd5 exd5 8. e3 Bf5 9. g4 Nxg4 10. fxg4 Qh4+ 11. Kd2 Be4 12. Nf3 Qf2+ 13. Be2 Bxf3 14. Rf1 Qxe2+ 15. Qxe2 Bxe2 16. Kxe2 Nd7 17. Rb1 Nb6 18. Kd3 Rfe8 19. a4 a5 20. Ba3 Nc4 21. Bc1 b6 22. Rf4 Nd6 23. Ba3 Nc4 24. Bc1 Nd6 25. Ba3 Ne4 26. Rb2 Nxc3 27. Kxc3 Rxe3+ 28. Kd2 Rxa3 29. Rc2 Ra7 30. Rf5 Rxa4 31. Rxd5 f6 32. Rd7 Rb4 33. d5 h6 34. Kd3 a4 35. d6 Rb3+ 36. Ke4 Rb4+ 37. Kf5 Ra5+ 38. Ke6 Re5# 0-1


[Site "https://www.chess.com"]

[Event "Titled Tuesday Blitz February 21 Early 2023"]
[White "Touzane, Olivier"]
[Black "Buksa, Nataliya"]
[WhiteFideId "602906"]
[BlackFideId "14123622"]
[WhiteElo "2256"]
[BlackElo "2406"]
[Result "1-0"]
[Round "02"]
[TimeControl "180+2"]
[Date "2023.02.21"]
[WhiteClock "0:01:59"]
[BlackClock "0:01:22"]

1. d4 d5 2. c4 e6 3. Nf3 a6 4. g3 dxc4 5. Ne5 c5 6. Nxc4 Qxd4 7. Qxd4 cxd4 8. Nb6 Ra7 9. Nxc8 Ra8 10. Nb6 Ra7 11. Bg2 Nc6 12. O-O Bc5 13. Na4 Be7 14. Nb6 Bc5 15. Na4 Be7 16. b3 Nf6 17. Ba3 e5 18. Nb6 Bxa3 19. Nxa3 Nd7 20. Nac4 Nxb6 21. Nxb6 Ke7 22. Rac1 Kd6 23. Nc4+ Ke6 24. Nb6 Kd6 25. Rc4 f5 26. Rfc1 e4 27. f3 Re8 28. fxe4 fxe4 29. Rc5 Kc7 30. Nd5+ Kd6 31. Nb6 Kc7 32. Na4 Raa8 33. R5c4 Rad8 34. Nc5 d3 35. Nxe4 dxe2 36. Re1 Rd1 37. Kf2 b5 38. Rxc6+ Kxc6 39. Nc3+ Kc5 40. Nxd1 exd1=Q 41. Rxd1 Re5 42. Rd7 Rf5+ 43. Ke3 Re5+ 44. Be4 Rh5 45. h4 g6 46. a3 a5 47. Rd1 a4 48. Rc1+ Kd6 49. b4 Re5 50. Rc6+ Kd7 51. Rb6 Kc7 52. Rb7+ Kd6 53. Rxh7 g5 54. Rh6+ 1-0


[Site "https://www.chess.com"]